 Dungeon Crawl Stone Soup version 0.31.0-11-ge490571c62 (webtiles) character file.

Game seed: 15850217265952789112

6725 browni3141 the Basher (level 10, -3/80 HPs)
             Began as a Demonspawn Cinder Acolyte on Jan 31, 2024.
             Was a Priest of Ignis.
             Slain by a hornet (6 damage)
             ... while paralysed by a hornet
             ... on level 10 of the Dungeon.
             The game lasted 00:17:44 (13327 turns).

browni3141 the Basher (Demonspawn Cinder Acolyte)  Turns: 13327, Time: 00:17:45

Health: -3/80      AC: 15    Str: 15    XL:     10   Next: 74%
Magic:  3/11       EV:  2    Int: 21    God:    Ignis [***...]
Gold:   288        SH:  0    Dex:  8    Spells: 9/11 levels left

rFire   + . .        b - +3 whip (vamp)
rCold   . . .        (no shield)
rNeg    . . .        L - +0 acid dragon scales
rPois   .            (no helmet)
rElec   .            j - +0 cloak
rCorr   +            k - +0 pair of gloves
SInv    +            (no boots)
Will    .....        C - amulet of the acrobat
Stlth   +            y - ring of see invisible
HPRegen 0.33/turn    (no ring)
MPRegen 0.12/turn

%: acrobat
@: paralysed, lethally poisoned (-3 -> -8), fiery-armoured, slowed
A: claws 1, powered by death 2, big brain 1
a: Renounce Religion, Fiery Armour, Foxfire Swarm, Rising Flame


You were on level 10 of the Dungeon.
You worshipped Ignis.
Ignis was most pleased with you.
You visited 2 branches of the dungeon, and saw 11 of its levels.

You collected 572 gold pieces.
You spent 284 gold pieces at shops.

Inventory:

Hand Weapons
 a - a -1 mace of flaming
 b - a +3 vampiric whip (weapon)
Missiles
 n - 17 poisoned darts
 F - 5 darts of dispersal
 I - 6 boomerangs
 J - 2 throwing nets
 K - 3 javelins
Armour
 j - a +0 cloak (worn)
 k - a +0 pair of gloves (worn)
 v - a +0 robe
 L - +0 acid dragon scales (worn)
Jewellery
 g - a ring of fire
 y - a ring of see invisible (left hand)
 C - an amulet of the acrobat (around neck)
Wands
 u - a wand of flame (11)
Scrolls
 l - 2 scrolls of enchant weapon
 m - 3 scrolls of fear
 r - 4 scrolls of identify
 s - 4 scrolls of teleportation
 t - 2 scrolls of blinking
 w - a scroll of immolation
 x - a scroll of vulnerability
 z - a scroll of brand weapon
 B - 5 scrolls of revelation
 E - a scroll of poison
 G - 2 scrolls of amnesia
 H - a scroll of enchant armour
 M - 2 scrolls of fog {unknown}
Potions
 c - a potion of resistance {unknown}
 d - 9 potions of curing
 e - 2 potions of might {unknown}
 f - 2 potions of degeneration {unknown}
 h - 2 potions of lignification {unknown}
 i - 2 potions of ambrosia {unknown}
 o - a potion of heal wounds {unknown}
 p - 3 potions of invisibility {unknown}
 q - 2 potions of brilliance {unknown}
 A - 4 potions of haste {unknown}
 D - a potion of enlightenment {unknown}
 N - 2 potions of attraction {unknown}
 P - a potion of magic {unknown}


   Skills:
 + Level 8.2 Fighting
 * Level 10.3 Maces & Flails
 * Level 9.0 Throwing
 - Level 1.2 Spellcasting
 - Level 2.8 Fire Magic


You had 9 spell levels left.
You knew the following spells:

 Your Spells              Type           Power      Damage    Failure   Level
a - Scorch                Fire           26%        2d6       11%         2

Your spell library contained the following spells:

 Spells                   Type           Power      Damage    Failure   Level
 Freeze                   Ice            4%         1d3       22%         1
 Sandblast                Erth           2%         2d4       22%         1
 Blink                    Tloc           2%         N/A       34%         2
 Lesser Beckoning         Tloc           2%         N/A       34%         2
 Momentum Strike          Conj/Tloc      2%         3d8       34%         2
 Dazzling Flash           Conj/Hex       2%         N/A       56%         3
 Frozen Ramparts          Ice            2%         1d1       56%         3
 Hailstorm                Conj/Ice       1%         3d5       56%         3
 Mephitic Cloud           Conj/Alch/Air  1%         N/A       56%         3
 Passwall                 Erth           1%         N/A       56%         3
 Stone Arrow              Conj/Erth      2%         3d7       56%         3
 Brom's Barrelling Bould  Conj/Erth      1%         2d3       92%         4
 Curse of Agony           Necr           1%         N/A       99%         5
 Silence                  Hex/Air        0%         N/A       99%         5


Dungeon Overview and Level Annotations

Branches:
Dungeon (10/15)            Temple (1/1) D:6            Lair (0/5) D:8
    Orc: D:9-12

Altars:
Ashenzari
Cheibriados
Dithmenos
Fedhas
Gozag
Hepliaklqana
Kikubaaqudgha
Makhleb
Nemelex Xobeh
Okawaru
Qazlal
Ru
Sif Muna
Trog
Uskayaw
Vehumet
Wu Jian
Xom
Yredelemnul

Shops:
D:3 **!=   D:6 **

Annotations:
D:4 3 runed translucent doors, puppykicker's ghost, amateur SpGl


Innate Abilities, Weirdness & Mutations

You have sharp fingernails.
You regenerate health from kills.
You have an unusually large brain. (Int +2)


Message History

You start resting.
HP restored.
You climb downwards.
There is a stone staircase leading up here.
You open the door.
A hornet comes into view.
The hornet buzzes angrily.
The hornet closely misses you.
You miscast Scorch.
You are very lightly contaminated with residual magic.
Nothing appears to happen.
The hornet closely misses you.
Flames lash the hornet.
The hornet is lightly wounded.
The hornet's fire resistance burns away.
The hornet stings you.
You are poisoned.
You feel yourself slow down. The hornet stings you!
You feel as though you will be slow longer.
Flames lash the hornet.
The hornet is burned terribly!
The hornet is moderately wounded.
You feel very sick. The hornet barely misses you. The hornet stings you.
You feel as though you will be slow longer.
Flames lash the hornet.
The hornet is burned terribly!
The hornet is heavily wounded.
You feel yourself speed up.
You feel very sick. The hornet stings you.
You feel yourself slow down. The hornet barely misses you.
Flames lash the hornet but do no damage.
You feel sick. The hornet closely misses you. The hornet barely misses you.
The hornet closely misses you.
You don't have enough magic to cast this spell.
Your -1 mace of flaming stops flaming.
You feel a sense of dread.
b - a +3 vampiric whip (weapon)
You feel sick. The hornet stings you.
You feel as though you will be slow longer.
Your magical contamination has completely faded away.
You hit the hornet.
The hornet is heavily wounded.
You feel sick. The hornet stings you.
You feel as though you will be slow longer.
You completely miss the hornet.
The hornet is heavily wounded.
You feel sick. The hornet stings you!
You feel as though you will be slow longer.
You hit the hornet but do no damage.
The hornet is heavily wounded.
You feel sick.
The hornet stings you but does no damage. x2
You hit the hornet but do no damage.
The hornet is heavily wounded.
The hornet stings you but does no damage.
You closely miss the hornet.
The hornet is heavily wounded.
You feel sick.
You are no longer poisoned.
The hornet completely misses you.
You hit the hornet.
The hornet is heavily wounded.
The hornet stings you!
You are poisoned.
You feel as though you will be slow longer.
You hit the hornet but do no damage.
The hornet is heavily wounded.
You feel very sick.
The hornet is no longer more vulnerable to fire.
The hornet barely misses you. The hornet stings you!
You feel as though you will be slow longer.
A protective cloak of flame settles atop you.
You feel very sick. The hornet completely misses you.
The hornet stings you but does no damage.
The hornet is burned by your cloak of flames.
The hornet is heavily wounded.
You miss the hornet.
The hornet is heavily wounded.
You feel sick. The hornet barely misses you.
You closely miss the hornet.
The hornet is heavily wounded.
You feel sick. The hornet stings you!
You are lethally poisoned!
You feel as though you will be slow longer.
The hornet is burned by your cloak of flames.
The hornet is severely wounded.
The hornet stings you.
You feel as though you will be slow longer.
Unknown command.
You feel better. The hornet stings you!
You are lethally poisoned!
You suddenly lose the ability to move!
The hornet is burned by your cloak of flames.
The hornet is almost dead.
The hornet stings you but does no damage.
The hornet is burned by your cloak of flames.
The hornet is almost dead.
You feel very sick.
The hornet stings you but does no damage.
You feel sick. The hornet stings you.
You die...

#### ... .. #.
######.### #####
.........#......
........@y......
##..###.####.###
######.####
#.........#
+.[.......# #+##
#...##..<##
#...##...##...####
#.........#......#
#..Y......#....รท<#


You could see a hornet.

Vanquished Creatures
  Maggie (D:6)
  Grinder (D:4)
  Prince Ribbit (D:6)
  16 yaks
  A shadow (D:10)
  A wyvern (D:4)
  Menkaure (D:6)
  2 water moccasins
  2 black bears
  An ice beast (D:5)
  An orc warrior (D:8)
  3 sky beasts
  An ogre (D:4)
  3 centaurs
  A kobold brigand (D:8)
  3 bullfrogs
  6 scorpions
  2 wights (D:6)
  6 killer bees (D:9)
  An electric eel (D:6)
  2 howler monkeys
  A bombardier beetle (D:5)
  A crimson imp (D:6)
  A jelly (D:5)
  5 orc priests
  2 hounds
  2 sleepcaps (D:6)
  2 gnoll boudas
  Natasha (thrice) (D:2)
  6 iguanas
  5 orc wizards
  8 adders
  11 gnolls
  2 shadow imps
  4 white imps
  3 ufetubi
  A ribbon worm (D:2)
  3 dart slugs
  19 orcs
  6 bats
  8 endoplasms
  4 giant cockroaches
  3 goblins
  6 hobgoblins
  8 jackals (D:4)
  6 quokkas
  4 ball pythons
  2 ball python zombies (D:2)
  5 frilled lizards
  9 kobolds
  6 rats
202 creatures vanquished.

Notes
Turn   | Place    | Note
-------+----------+-------------------------------------------
     0 | D:1      | browni3141 the Demonspawn Cinder Acolyte began the quest
                  | for the Orb.
     0 | D:1      | Reached XP level 1. HP: 18/18 MP: 2/2
   169 | D:1      | Gained mutation: You regenerate a little health from kills.
                  | [demonic ancestry]
   169 | D:1      | Reached XP level 2. HP: 13/24 MP: 3/3
   291 | D:1      | Learned a level 2 spell: Scorch
   409 | D:1      | Reached skill level 3 in Maces & Flails
   723 | D:1      | Found a faded altar of an unknown god.
  1093 | D:2      | Noticed Natasha
  1100 | D:2      | Killed Natasha
  1101 | D:2      | Reached XP level 3. HP: 4/29 MP: 4/4
  1174 | D:2      | Noticed Natasha
  1181 | D:2      | Killed Natasha
  1182 | D:2      | Reached XP level 4. HP: 28/37 MP: 5/5
  1348 | D:2      | Noticed Natasha
  1354 | D:2      | Killed Natasha
  1355 | D:2      | Reached skill level 4 in Maces & Flails
  1492 | D:2      | Identified the +4 whip of the Blowfly {pain, ^Drain rCorr
                  | Int+8 Stlth-}
  1733 | D:2      | Noticed a scorpion
  1746 | D:2      | Killed a scorpion
  1747 | D:2      | Reached XP level 5. HP: 21/42 MP: 6/6
  2015 | D:3      | Found Ryow's Distillery.
  2038 | D:3      | Bought a potion of curing for 39 gold pieces
  2364 | D:3      | Found Saxenatt's Assorted Antiques.
  2374 | D:3      | Bought a scroll labelled LEZIZX QIOXATZ for 27 gold pieces
  2374 | D:3      | Bought a viscous puce potion for 24 gold pieces
  2374 | D:3      | Bought a scroll labelled HALIUCUAMIA for 27 gold pieces
  2374 | D:3      | Bought a scroll labelled NYINOH KENA for 27 gold pieces
  2381 | D:3      | Reached skill level 1 in Throwing
  2586 | D:3      | Found Eherhoh's Assorted Antiques.
  2592 | D:3      | Bought a scroll labelled GYDWOBRUFOXT for 18 gold pieces
  2592 | D:3      | Bought 2 silvery potions for 32 gold pieces
  2592 | D:3      | Bought a silvery potion for 16 gold pieces
  2592 | D:3      | Bought a puce potion for 16 gold pieces
  2691 | D:3      | Found Kovvakk's Jewellery Emporium.
  2857 | D:4      | Reached skill level 5 in Maces & Flails
  2857 | D:4      | Gained mutation: You have sharp fingernails. [demonic
                  | ancestry]
  2857 | D:4      | Reached XP level 6. HP: 39/49 MP: 0/7
  3107 | D:4      | Noticed a wyvern
  3125 | D:4      | Killed a wyvern
  3126 | D:4      | Reached XP level 7. HP: 25/55 MP: 8/8
  3132 | D:4      | Found an iron altar of Okawaru.
  3363 | D:4      | Found a burning altar of Makhleb.
  3364 | D:4      | Noticed Grinder
  3370 | D:4      | Paralysed by Grinder for 4 turns
  3383 | D:4      | Found a stormy altar of Qazlal.
  3384 | D:4      | Found a basalt altar of Yredelemnul.
  3392 | D:4      | Killed Grinder
  3393 | D:4      | Reached skill level 5 in Fighting
  3393 | D:4      | Reached skill level 6 in Maces & Flails
  3782 | D:4      | Noticed puppykicker's ghost (amateur SpGl)
  3808 | D:4      | Found a runed translucent gate.
  3809 | D:4      | Found a runed translucent gate.
  3810 | D:4      | Found a runed translucent gate.
  4042 | D:5      | Entered Level 5 of the Dungeon
  4085 | D:5      | Found a sparkling altar of Nemelex Xobeh.
  4143 | D:5      | You fall into a shaft and drop 3 floors!
  4148 | D:8      | Found a hide-covered altar of Uskayaw.
  4161 | D:8      | Found a bloodstained altar of Trog.
  4197 | D:8      | Found a radiant altar of Vehumet.
  4245 | D:8      | Gained mutation: You have an unusually large brain. (Int
                  | +2) [demonic ancestry]
  4245 | D:8      | Reached XP level 8. HP: 15/63 MP: 1/9
  4477 | D:8      | Found a hazy altar of Hepliaklqana.
  4981 | D:7      | Reached skill level 7 in Maces & Flails
  4981 | D:7      | Reached skill level 5 in Throwing
  5346 | D:6      | Noticed Menkaure
  5352 | D:6      | Killed Menkaure
  6243 | D:5      | Reached XP level 9. HP: 70/70 MP: 5/10
  6951 | D:6      | Noticed Prince Ribbit
  6966 | D:6      | Killed Prince Ribbit
  6967 | D:6      | Reached skill level 8 in Maces & Flails
  7290 | D:6      | Noticed Maggie
  7457 | D:6      | Killed Maggie
  7753 | D:6      | Found a staircase to the Ecumenical Temple.
  7782 | Temple   | Entered the Ecumenical Temple
  8014 | D:6      | Found Goofing's General Store.
  8091 | D:6      | Found Godorapn's Specific Store.
  8107 | D:6      | Bought a scroll of identify for 22 gold pieces
  8198 | D:3      | Bought a scroll labelled KEDOIVVACH for 18 gold pieces
  8198 | D:3      | Bought a scroll labelled MUDYLO FASHRUI for 18 gold pieces
  9989 | D:8      | Found a staircase to the Lair.
 10106 | D:8      | Reached skill level 9 in Maces & Flails
 10812 | D:8      | Gained mutation: You regenerate health from kills. [demonic
                  | ancestry]
 10812 | D:8      | Reached XP level 10. HP: 56/79 MP: 4/11
 11764 | D:9      | HP: 4/80 [yak (13)]
 12540 | D:10     | Entered Level 10 of the Dungeon
 12636 | D:9      | Reached skill level 10 in Maces & Flails
 13325 | D:10     | Paralysed by a hornet for 3 turns
 13327 | D:10     | HP: 3/80 [poisoned by a hornet]
 13327 | D:10     | Slain by a hornet

Illustrated notes

Levels and vault maps discovered:
D:1:      heliophobic_arrival_glass_houses, layout_basic,
          hellmonk_ecumenical_altar_crossroads
D:2:      layout_loops_ring, serial_undead, serial_undead_a, serial_undead_a,
          serial_undead_c, serial_undead_e, uniq_natasha
D:3:      layout_loops_ring, serial_shops, nicolae_shop_tiny_real_fake_doors,
          shop_fountains, nicolae_shop_trees, nicolae_shop_just_a_little_nook,
          minmay_joined_circles
D:4:      layout_loops_ring, grunt_temple_overflow_open,
          okawaru_ov_weapons_minmay, gammafunk_ghost_necromancy, uniq_grinder
D:5:      layout_basic, mainiacjoe_overflow_small_starburst,
          kennysheep_generic_room_13
D:6:      minmay_razor_zed, layout_basic, minmay_temple_entry_waves,
          kennysheep_path_1, nicolae_specific_store, minmay_fire_ice_demons,
          uniq_maggie, uniq_prince_ribbit1, uniq_menkaure
D:7:      layout_gridville
D:8:      layout_cave_pods, nicolae_vehumet_altar_sigil,
          overflow_temple_1_default, mainiacjoe_overflow_swirl, lair_entry_dummy
D:9:      layout_basic
D:10:     layout_gridville
Temple:   hellmonk_temple_forest_ring

Skill      XL: |  1  2  3  4  5  6  7  8  9 10 |
---------------+-------------------------------+-----
Maces & Flails | 3 4 5 6 7 9 10 | 10.3
Fighting       | 4 5 6 7 8 |  8.2
Throwing       | 1 2 4 6 7 9 |  9.0
Spellcasting   | |  1.2
Fire Magic     | |  2.8

Action                     |  1- 3 |  4- 6 |  7- 9 | 10-12 || total
---------------------------+-------+-------+-------+-------++-------
  Melee: Mace              |    69 |    77 |   210 |    94 ||   450
         Whip              |       |    89 |    91 |    77 ||   257
         Punch             |       |       |     5 |     1 ||     6
   Cast: Scorch            |     5 |    20 |   144 |    54 ||   223
 Invoke: Fiery Armour      |     1 |     3 |     1 |     2 ||     7
  Evoke: Wand              |       |       |     8 |     3 ||    11
    Use: Scroll            |       |       |    11 |       ||    11
         Potion            |       |       |       |     1 ||     1
 Armour: Robe              |    58 |    99 |   150 |       ||   307
         Acid dragon scale |       |       |   135 |   147 ||   282
  Dodge: Dodged            |    43 |   102 |   210 |    85 ||   440
